 Dungeon Crawl Stone Soup version 0.29.1-15-g9cfb28693d (webtiles) character file.

Game seed: 12828114704596073942

594 Ast3rio the Poker (level 7, -15/60 HPs)
             Began as a Gnoll Cinder Acolyte on Mar 23, 2023.
             Was a High Priest of Ignis.
             Demolished by Duvessa
             ... wielding a +0 short sword of venom
              (20 damage)
             ... on level 4 of the Dungeon.
             The game lasted 00:08:05 (4903 turns).

Ast3rio the Poker (Gnoll Cinder Acolyte)            Turns: 4903, Time: 00:08:05

Health: -15/60     AC:  2    Str: 16    XL:     7   Next: 39%
Magic:  6/12       EV: 12    Int: 13    God:    Ignis [*****.]
Gold:   352        SH:  0    Dex:  7    Spells: 11/13 levels left

rFire   + . .      SeeInvis .   a - -1 spear (flame)
rCold   . . .      Faith    .   (no shield)
rNeg    . . .      Spirit   .   b - +0 robe
rPois   .          Reflect  .   (no helmet)
rElec   .          Harm     .   (no cloak)
rCorr   .          Rampage  .   (no gloves)
Will    +....                   (no boots)
Stlth   ++........              (no amulet)
HPRegen 0.20/turn               i - +4 ring of slaying
MPRegen 0.13/turn               o - ring of willpower

@: no status effects
A: fangs 1, strong nose, distributed training
a: Renounce Religion, Fiery Armour, Foxfire Swarm, Rising Flame


You were on level 4 of the Dungeon.
You worshipped Ignis.
Ignis was extremely pleased with you.
You visited 1 branch of the dungeon, and saw 6 of its levels.

You collected 352 gold pieces.

Inventory:

Hand Weapons
 a - a -1 spear of flaming (weapon)
Missiles
 q - a throwing net (quivered)
Armour
 b - a +0 robe (worn)
Jewellery
 i - a +4 ring of slaying (left hand)
 o - a ring of willpower (right hand)
 t - a ring of fire
Wands
 j - a wand of flame (12)
Scrolls
 c - a scroll of amnesia {unknown}
 d - a scroll of identify {unknown}
 e - 2 scrolls of immolation {unknown}
 k - a scroll of enchant weapon {unknown}
 n - a scroll of fear {unknown}
 r - a scroll of vulnerability {unknown}
 s - a scroll of poison {unknown}
Potions
 f - a potion of curing
 g - a potion of lignification {unknown}
 h - a potion of might {unknown}
 l - 2 potions of heal wounds {unknown}
 m - a potion of mutation {unknown}
 p - a potion of invisibility {unknown}


   Skills:
 + Level 7.1 Fighting
 + Level 2.5 Short Blades
 + Level 2.5 Long Blades
 + Level 2.5 Axes
 + Level 2.5 Maces & Flails
 + Level 7.1 Polearms
 + Level 2.5 Staves
 + Level 2.5 Ranged Weapons
 + Level 2.5 Throwing
 + Level 2.5 Armour
 + Level 2.5 Dodging
 + Level 2.5 Stealth
 + Level 2.5 Shields
 + Level 2.5 Unarmed Combat
 + Level 3.8 Spellcasting
 + Level 2.1 Conjurations
 + Level 2.1 Hexes
 + Level 2.1 Summonings
 + Level 2.1 Necromancy
 + Level 2.1 Translocations
 + Level 2.1 Transmutations
 + Level 5.8 Fire Magic
 + Level 2.1 Ice Magic
 + Level 2.1 Air Magic
 + Level 2.1 Earth Magic
 + Level 2.1 Poison Magic
 + Level 2.8 Invocations
 + Level 2.5 Evocations


You had 11 spell levels left.
You knew the following spells:

 Your Spells              Type           Power      Damage    Failure   Level
a - Scorch                Fire           34%        2d6       2%          2

Your spell library contained the following spells:

 Spells                   Type           Power      Damage    Failure   Level
 Apportation              Tloc           16%        N/A       9%          1
 Sandblast                Erth           16%        2d6       9%          1
 Shock                    Conj/Air       32%        1d5       9%          1
 Blink                    Tloc           16%        N/A       14%         2
 Ensorcelled Hibernation  Hex/Ice        16%        N/A       14%         2
 Passwall                 Tmut/Erth      6%         N/A       14%         2
 Lesser Beckoning         Tloc           8%         N/A       26%         3
 Swiftness                Air            8%         N/A       26%         3
 Airstrike                Air            4%         2d(1-17)  65%         4
 Manifold Assault         Tloc           8%         N/A       94%         5


Dungeon Overview and Level Annotations

Branches:
Dungeon (6/15)
 Temple: D:4-7

Altars:
Ashenzari
Cheibriados
Fedhas
Ru
Sif Muna
Xom
The Shining One

Annotations:
D:4 Duvessa
D:6 BuddhaDhamma's ghost, novice MiBe


Innate Abilities, Weirdness & Mutations

You have very sharp teeth.
Your uncanny sense of smell can sniff out nearby items.
Your experience applies equally to all skills.


Message History

Flames lash Duvessa.
Duvessa is lightly wounded.
Duvessa's fire resistance burns away.
Duvessa barely misses you.
Duvessa hits you with a +0 short sword of venom.
You are poisoned.
Casting: Scorch (safe; 2% risk of failure)
Confirm with . or Enter, or press ? or * to list all spells.
Flames lash Duvessa.
Duvessa is burned terribly!
Duvessa is lightly wounded.
You feel sick.
Duvessa hits you with a +0 short sword of venom.
You are more poisoned.
Casting: Scorch (safe; 2% risk of failure)
Confirm with . or Enter, or press ? or * to list all spells.
Flames lash Duvessa but do no damage.
You feel very sick.
Duvessa hits you with a +0 short sword of venom!
You are lethally poisoned!
Duvessa hits you with a +0 short sword of venom.
You are more poisoned.
Duvessa attacks as you move away! Duvessa misses you.
* * * LOW HITPOINT WARNING * * *
You feel extremely sick.
You hit Duvessa but do no damage. You bite Duvessa.
Duvessa is lightly wounded.
* * * LOW HITPOINT WARNING * * *
You feel extremely sick. Duvessa misses you.
You hit Duvessa but do no damage.
Duvessa is lightly wounded.
* * * LOW HITPOINT WARNING * * *
You feel very sick.
Duvessa hits you with a +0 short sword of venom.
* * * LOW HITPOINT WARNING * * *
You are more poisoned.
It was a potion of curing.
You feel better.
Duvessa hits you with a +0 short sword of venom!
* * * LOW HITPOINT WARNING * * *
Duvessa hits you with a +0 short sword of venom!!
You die...

∆ ### ..+ ####
### .. ##..# .##
##.._# ..#
##....# ## #.#
##...### ...#+
#.###.@e##
####..#.#
#.##.).#∩#
#......#
#.....###..
#.#..#.###....##
..#
........##...##
##
##.......#.### ∆
...........####
#.###........#
#......#######


You could see Duvessa (berserk, combustible).

Vanquished Creatures
  An ogre (D:6)
  2 phantoms (D:4)
  Dowan (D:4)
  A hound (D:5)
  An iguana (D:6)
  3 orc wizards
  Robin (D:2)
  8 adders
  A worm (D:2)
  A dart slug (D:4)
  9 orcs
  4 ball pythons
  5 endoplasms
  4 giant cockroaches
  11 goblins
  8 hobgoblins
  10 jackals (D:1)
  7 quokkas
  5 bats
  4 frilled lizards
  5 kobolds
  9 rats
101 creatures vanquished.

Vanquished Creatures (others)
  30 foxfires (D:2)
30 creatures vanquished.

Grand Total: 131 creatures vanquished

Notes
Turn   | Place    | Note
-------+----------+-------------------------------------------
     0 | D:1      | Ast3rio the Gnoll Cinder Acolyte began the quest for the
                  | Orb.
     0 | D:1      | Reached XP level 1. HP: 23/23 MP: 4/4
   317 | D:1      | Reached XP level 2. HP: 22/29 MP: 5/5
   611 | D:1      | Learned a level 2 spell: Scorch
   885 | D:1      | Reached XP level 3. HP: 31/35 MP: 1/7
  1221 | D:1      | Reached skill level 1 in Invocations
  1423 | D:1      | Found a faded altar of an unknown god.
  1697 | D:2      | Reached skill level 1 in Short Blades
  1697 | D:2      | Reached skill level 1 in Long Blades
  1697 | D:2      | Reached skill level 1 in Axes
  1697 | D:2      | Reached skill level 1 in Maces & Flails
  1697 | D:2      | Reached skill level 1 in Staves
  1697 | D:2      | Reached skill level 1 in Ranged Weapons
  1697 | D:2      | Reached skill level 1 in Throwing
  1697 | D:2      | Reached skill level 1 in Armour
  1697 | D:2      | Reached skill level 1 in Dodging
  1697 | D:2      | Reached skill level 1 in Stealth
  1697 | D:2      | Reached skill level 1 in Shields
  1697 | D:2      | Reached skill level 1 in Unarmed Combat
  1697 | D:2      | Reached skill level 1 in Evocations
  1913 | D:2      | Noticed Robin
  1921 | D:2      | Reached XP level 4. HP: 28/41 MP: 8/8
  1923 | D:2      | Reached skill level 1 in Conjurations
  1923 | D:2      | Reached skill level 1 in Hexes
  1923 | D:2      | Reached skill level 1 in Summonings
  1923 | D:2      | Reached skill level 1 in Necromancy
  1923 | D:2      | Reached skill level 1 in Translocations
  1923 | D:2      | Reached skill level 1 in Transmutations
  1923 | D:2      | Reached skill level 1 in Ice Magic
  1923 | D:2      | Reached skill level 1 in Air Magic
  1923 | D:2      | Reached skill level 1 in Earth Magic
  1923 | D:2      | Reached skill level 1 in Poison Magic
  1929 | D:2      | Killed Robin
  1933 | D:2      | HP: 2/41 [goblin/+0 club[Robin] (2)]
  2612 | D:2      | Reached XP level 5. HP: 47/47 MP: 9/9
  2782 | D:3      | Found a blossoming altar of Fedhas.
  2809 | D:3      | Found a shimmering altar of Xom.
  3057 | D:3      | Found a glowing golden altar of the Shining One.
  3057 | D:3      | Found a sacrificial altar of Ru.
  3455 | D:3      | You fall into a shaft and drop 3 floors!
  3455 | D:6      | Found a snail-covered altar of Cheibriados.
  3502 | D:6      | Noticed an ogre
  3507 | D:6      | Killed an ogre
  3508 | D:6      | Reached XP level 6. HP: 45/53 MP: 1/11
  3578 | D:6      | Noticed BuddhaDhamma's ghost (novice MiBe)
  3670 | D:5      | Entered Level 5 of the Dungeon
  3979 | D:4      | Reached XP level 7. HP: 60/60 MP: 5/12
  4591 | D:4      | Found a broken altar of Ashenzari.
  4843 | D:4      | Noticed Dowan
  4844 | D:4      | Found a shimmering blue altar of Sif Muna.
  4851 | D:4      | Killed Dowan
  4861 | D:4      | Got Sif Muna's Folio of Gritty Elsewhere
  4896 | D:4      | Noticed Duvessa
  4903 | D:4      | Demolished by Duvessa

Illustrated notes

Levels and vault maps discovered:
D:1:      grunt_arrival_crossed_arrows, layout_basic,
          shapermc_ecumenical_altar_notcrosses
D:2:      layout_loops_ring, st_stairs_12, uniq_robin
D:3:      layout_basic, nicolae_overflow_two_pavilions,
          grunt_temple_overflow_open, kennysheep_generic_room_7
D:4:      layout_loops_corners, nzn_overflow_gifts_of_might_and_magic,
          overflow_temple_1_default, serial_park_tiny_2
D:5:      layout_loops_ring, serial_shops, shop, hangedman_decor_slide_cut,
          minmay_ogre_servants, uniq_duvessa, uniq_crazy_yiuf_cottage
D:6:      layout_basic, amcnicky_altar_gilded, gammafunk_ghost_hive,
          serial_park_tiny_2

Skill      XL: |  1  2  3  4  5  6  7 |
---------------+----------------------+-----
Invocations    | 1 2 |  2.8
Short Blades   | 1 2 |  2.5
Long Blades    | 1 2 |  2.5
Axes           | 1 2 |  2.5
Maces & Flails | 1 2 |  2.5
Staves         | 1 2 |  2.5
Ranged Weapons | 1 2 |  2.5
Throwing       | 1 2 |  2.5
Armour         | 1 2 |  2.5
Dodging        | 1 2 |  2.5
Stealth        | 1 2 |  2.5
Shields        | 1 2 |  2.5
Unarmed Combat | 1 2 |  2.5
Evocations     | 1 2 |  2.5
Spellcasting   | 3 |  3.8
Conjurations   | 1 2 |  2.1
Hexes          | 1 2 |  2.1
Summonings     | 1 2 |  2.1
Necromancy     | 1 2 |  2.1
Translocations | 1 2 |  2.1
Transmutations | 1 2 |  2.1
Ice Magic      | 1 2 |  2.1
Air Magic      | 1 2 |  2.1
Earth Magic    | 1 2 |  2.1
Poison Magic   | 1 2 |  2.1
Fighting       | 7 |  7.1
Polearms       | 7 |  7.1
Fire Magic     | |  5.8

Action                   |  1- 3 |  4- 6 |  7- 9 || total
-------------------------+-------+-------+-------++-------
Melee: Spear             |   100 |   101 |     6 ||   207
       Bite              |     8 |     3 |     1 ||    12
       Punch             |     1 |       |       ||     1
 Cast: Scorch            |    12 |    24 |    25 ||    61
Invok: Foxfire Swarm     |       |     2 |       ||     2
  Use: Potion            |       |       |     1 ||     1
 Stab: Sleeping          |       |     1 |       ||     1
Armor: Robe              |    18 |    20 |     1 ||    39
Dodge: Dodged            |    70 |    39 |     9 ||   118
